AoeStats
← Hoid17th

MegaRandom

505352103Analyzed
4v4 RM · 25d ago on Sep 9, 2026· 63m 41s· 8 players
Game mode
Random Map
Map size
Large (8 player)
Population
200
Speed
Normal
Resources
Standard
Victory
Conquest
Starting age
Dark Age
Ending age
Imperial Age
RankedLock teamsTeams togetherTeam positionsShared explorationLock speedFull tech treeHidden civsTurbo modeCheats
Victory
Defeat
🇦🇷 Franks · Argentina
996
+10
🇦🇷 Vietnamese · Argentina
944
+12
🇺🇸 Vietnamese · United States
917
+13
🇺🇸 Celts · United States
901
+14
🇺🇸 Mongols · United States
912
-14
🇺🇸 Armenians · United States
870
-35
🇺🇸 Cumans · United States
849
-28
🇺🇸 Teutons · United States
795
-10
BELiKA
2:43 Loom
13:36 Feudal Age
14:02 Double-Bit Axe
16:16 Forging
16:12 Scale Barding Armor
22:41 Castle Age
23:15 Stone Mining
25:00 Wheelbarrow
24:14 Town Watch
24:49 Husbandry
25:11 Bow Saw
26:08 Gold Mining
26:23 Fletching
28:17 Hand Cart
28:40 Gold Shaft Mining
31:06 Town Patrol
31:45 Iron Casting
31:31 Chain Barding Armor
33:06 #83
37:21 Imperial Age
35:55 Light Cavalry
39:06 Blast Furnace
38:41 Plate Barding Armor
37:29 Cavalier
38:35 Conscription
39:27 Paladin
40:52 Chivalry
truj
12:23 Loom
15:31 Feudal Age
18:20 Arson
23:09 Wheelbarrow
27:19 Castle Age
26:13 Double-Bit Axe
26:13 Horse Collar
26:43 Stone Mining
28:35 Fletching
28:51 Heavy Plow
34:45 Hand Cart
35:34 Bow Saw
37:51 Town Watch
39:33 Town Patrol
39:23 Elite Skirmisher
40:40 Bloodlines
43:16 Imperial Age
41:22 Scale Barding Armor
42:04 Thumb Ring
42:26 Ballistics
42:29 Husbandry
42:32 Bodkin Arrow
43:23 Padded Archer Armor
43:27 Imperial Skirmisher
45:45 Chemistry
45:30 Crop Rotation
46:14 Two-Man Saw
46:34 Paper Money
48:54 Gold Mining
48:48 Elite Rattan Archer
49:45 Bracer
52:13 Leather Archer Armor
53:49 Ring Archer Armor
53:44 Heated Shot
60:15 Caravan
62:54 Chatras
62:27 Elite Battle Elephant
63:54 Chain Barding Armor
63:15 Light Cavalry
xxyvonnederful
5:16 Loom
14:43 Feudal Age
16:44 Fishing Lines
17:09 Double-Bit Axe
20:39 Castle Age
19:55 Fletching
20:07 Padded Archer Armor
21:25 Gillnets
22:06 Bodkin Arrow
22:27 Leather Archer Armor
23:44 Gold Mining
23:48 Stone Mining
24:11 Bow Saw
25:18 Medium Warships
25:38 Thumb Ring
28:02 Town Watch
31:58 Ballistics
36:01 Imperial Age
36:54 Bracer
37:26 Ring Archer Armor
38:14 Heavy Warships
40:14 Chemistry
39:59 Heavy Cavalry Archer
40:57 Bloodlines
40:48 Husbandry
50:47 Paper Money
56:01 Clinker Construction
56:04 Careening
57:43 Hoardings
60:29 Two-Man Saw
62:54 Elite Cannon Galleon
Epstein's Filling Cabinet
1:27 Loom
16:04 Feudal Age
16:39 Double-Bit Axe
16:53 Gold Mining
17:01 Stone Mining
17:01 Horse Collar
17:18 Fishing Lines
21:29 Castle Age
20:01 Scale Mail Armor
20:12 Forging
20:27 Arson
21:17 Fletching
22:47 Bodkin Arrow
23:28 Chain Mail Armor
23:57 Gold Shaft Mining
24:12 Heavy Plow
24:25 Bow Saw
30:41 Wheelbarrow
31:48 Stone Shaft Mining
31:39 Gambesons
32:35 Iron Casting
33:38 Guard Tower
34:42 Hand Cart
34:55 Caravan
35:17 Stronghold
37:49 Ballistics
37:45 Masonry
40:24 Imperial Age
41:36 Elite Woad Raider
42:40 Conscription
42:58 Hoardings
44:40 Blast Furnace
44:13 Plate Mail Armor
47:02 Chemistry
50:57 Onager
56:33 Keep
57:27 Heated Shot
57:24 Arrowslits
57:32 Pikeman
58:29 Furor Celtica
61:17 Fortified Wall
63:24 Siege Onager
Hoid17th
16:08 Feudal Age
17:16 Double-Bit Axe
23:55 Castle Age
21:43 Loom
23:52 Forging
23:33 Fletching
26:19 Thumb Ring
26:31 Bow Saw
27:43 Horse Collar
29:57 Wheelbarrow
29:15 Town Watch
32:58 Imperial Age
30:02 Pikeman
30:42 Squires
35:51 Parthian Tactics
37:58 Bloodlines
38:03 Scale Barding Armor
38:35 Iron Casting
37:57 Bodkin Arrow
38:04 Padded Archer Armor
39:24 Gold Mining
43:34 Conscription
43:23 Steppe Husbandry
47:27 Cavalier
58:12 Medium Warships
59:19 Heavy Warships
Quack Y Attack
7:42 Loom
14:36 Feudal Age
15:40 Double-Bit Axe
16:22 Fletching
20:20 Castle Age
18:29 Horse Collar
19:09 Gold Mining
21:18 Medium Warships
21:40 Stone Mining
22:08 Bow Saw
22:46 Bodkin Arrow
23:49 Heavy Plow
24:31 Stone Shaft Mining
25:21 Ballistics
26:28 Wheelbarrow
29:11 Town Watch
35:59 Imperial Age
33:48 Padded Archer Armor
34:17 Bloodlines
34:51 Thumb Ring
37:00 Drill
37:02 Conscription
36:30 Elite Mangudai
38:44 Leather Archer Armor
38:30 Bracer
38:48 Leather Archer Armor
39:30 Parthian Tactics
39:08 Husbandry
42:12 Chemistry
48:40 Heavy Warships
53:32 Caravan
Flying Ace
11:34 Loom
14:33 Feudal Age
16:24 Fishing Lines
21:31 Castle Age
20:51 Fletching
24:46 Padded Archer Armor
25:47 Gillnets
25:43 Horse Collar
25:51 Double-Bit Axe
26:03 Gold Mining
27:16 Bodkin Arrow
29:00 Bow Saw
29:18 Murder Holes
29:44 Ballistics
30:18 Leather Archer Armor
30:50 Masonry
31:53 Forging
31:44 Scale Mail Armor
32:04 Heavy Plow
32:43 Gold Shaft Mining
34:49 Arson
35:05 Squires
35:33 Chain Mail Armor
35:53 Iron Casting
35:57 Wheelbarrow
36:32 Fervor
37:51 Sanctity
41:38 Imperial Age
39:28 Hand Cart
41:45 Sanctity
41:33 Caravan
43:40 Chemistry
42:46 Bracer
44:43 Elite Composite Bowman
50:17 Conscription
Idle TC Master
7:19 Loom
14:54 Feudal Age
18:32 Double-Bit Axe
21:45 Horse Collar
23:33 Gold Mining
27:24 Wheelbarrow
32:42 Castle Age
33:56 Stone Mining
35:59 Hand Cart
48:18 Imperial Age
48:25 Stone Shaft Mining
52:10 Heavy Plow
57:04 Town Watch
60:27 Medium Warships
Connection lost

Rejoining the realm…

Still unreachable

The connection could not be restored.

Session expired

The server has moved on; the page needs a fresh start.